 Dungeon Crawl Stone Soup version 0.29.1-12-g30fa7ad0bf (webtiles) character file.

Game seed: 17562481742112940344

427176 Rrauwl the Acrobat (level 23, -19/196 HPs)
             Began as a Merfolk Gladiator on Dec 19, 2022.
             Was the Champion of Nemelex Xobeh.
             Killed from afar by Feniupp the pandemonium lord (33 damage)
             ... with a great blast of fire
             ... on level 1 of a ziggurat on Dec 20, 2022.
             The game lasted 04:20:42 (43224 turns).

Rrauwl the Acrobat (Merfolk Gladiator)             Turns: 43224, Time: 04:20:44

Health: -19/196    AC: 21    Str: 26      XL:     23   Next: 49%
Magic:  48/48      EV: 33    Int:  5 (6)  God:    Nemelex Xobeh [******]
Gold:   3916       SH: 19    Dex: 26      Spells: 22/22 levels left

rFire   + + +      SeeInvis .   a - +9 demon trident (vamp)
rCold   + . .      Faith    .   K - +3 kite shield {reflect}
rNeg    + + .      Spirit   .   J - +5 ring mail "Zautigot" {+Blink rF+++ Will- MP+9}
rPois   +          Reflect  +   x - +1 hat of Sapn {rN++ Regen+ Str+5}
rElec   +          Harm     .   w - +2 cloak {rPois}
rCorr   +          Rampage  +   k - +2 pair of gloves of the Sandy Sparrow {Int+6 Dex+2}
Will    ++...                   z - +2 pair of boots {rampage}
Stlth   ++++......              M - amulet of Vitality {RegenMP++ Regen++}
HPRegen 2.82/turn               n - ring "Ofeadas" {Fly rF+ MP+9 Int-3 Dex+4}
MPRegen 1.11/turn               D - ring of willpower

@: resistant, flying, studying 2 skills
A: (nimble swimmer 2), mertail, horns 1, deformed body, dopey 2, low MP 1,
strong-willed 1, subdued magic 2
}: 3/15 runes: serpentine, barnacled, silver
a: Renounce Religion, Evoke Blink, Draw Escape, Draw Destruction, Draw
Summoning, Triple Draw, Deal Four, Stack Five


You were on level 1 of a ziggurat.
You worshipped Nemelex Xobeh.
Nemelex Xobeh was exalted by your worship.
You visited 8 branches of the dungeon, and saw 40 of its levels.
You visited the Abyss 1 time.
You visited 1 ziggurat, and saw 1 of its levels.
You also visited: Ossuary and Ice Cave.

You collected 5998 gold pieces.
You spent 2082 gold pieces at shops.

Inventory:

Hand Weapons
 a - a +9 vampiric demon trident (weapon)
 b - a +3 demon trident of flaming
Missiles
 h - 2 atropa-tipped darts (quivered)
 i - 6 datura-tipped darts
 p - 2 throwing nets
Armour
 k - the +2 pair of gloves of the Sandy Sparrow (worn) {Int+6 Dex+2}
   (You found it on level 1 of the Shoals)

   Int:       It affects your intelligence (+6).
   Dex:       It affects your dexterity (+2).
 w - a +2 cloak of poison resistance (worn)
 x - the +1 hat of Sapn (worn) {rN++ Regen+ Str+5}
   (You acquired it on level 4 of the Dungeon)

   Str:       It affects your strength (+5).
   rN:        It greatly protects you from negative energy.
   Regen:     It increases your rate of health regeneration.
 z - a +2 pair of boots of rampaging (worn)
 J - the +5 ring mail "Zautigot" (worn) {+Blink rF+++ Will- MP+9}
   (You found it on level 2 of the Depths)

   rF:        It renders you almost immune to fire.
   MP:        It affects your magic capacity (+9).
   +Blink:    It lets you blink.
   Will:      It decreases your willpower.
 K - a +3 kite shield of reflection (worn)
 T - a +2 hat of see invisible
 W - the +1 cloak "Kairr" {rElec}
   (You bought it in a shop on level 3 of the Vaults)

   rElec:     It insulates you from electricity.
Jewellery
 n - the ring "Ofeadas" (left hand) {Fly rF+ MP+9 Int-3 Dex+4}
   (You found it on level 1 of the Shoals)

   [ring of flight]

   Int:       It affects your intelligence (-3).
   Dex:       It affects your dexterity (+4).
   rF:        It protects you from fire.
   MP:        It affects your magic capacity (+9).
   Fly:       It grants you flight.
 s - a ring of willpower
 D - a ring of willpower (right hand)
 M - the amulet of Vitality (around neck) {RegenMP++ Regen++}
   (You took it off a merfolk siren on level 3 of the Shoals)

   [amulet of magic regeneration]

   It increases your rate of magic regeneration.
   Regen:     It increases your rate of health regeneration.
 Q - a ring of protection from cold
 V - the amulet of the Air {Inacc Air Fly rElec RMsl}
   (You took it off a rakshasa on level 2 of the Depths)

   [amulet of nothing]

   It reduces the accuracy of all your attacks.
   It enhances your air magic.
   rElec:     It insulates you from electricity.
   Fly:       It grants you flight.
   RMsl:      It protects you from missiles.
Wands
 f - a wand of light (10)
 j - a wand of polymorph (17)
 l - a wand of roots (12)
 o - a wand of paralysis (15)
 B - a wand of digging (10)
 L - a wand of flame (23)
 N - a wand of mindburst (2)
Scrolls
 g - 11 scrolls of teleportation
 q - 3 scrolls of magic mapping
 y - 4 scrolls of summoning
 A - 6 scrolls of fear
 F - a scroll of amnesia
 G - 4 scrolls of silence
 H - 4 scrolls of poison
 O - 3 scrolls of fog
 P - 3 scrolls of blinking
 U - a scroll of enchant armour
 Z - 3 scrolls of enchant weapon
Potions
 c - 3 potions of might
 v - 28 potions of curing
 C - 7 potions of mutation
 I - 5 potions of lignification
 R - 3 potions of cancellation
 S - 3 potions of haste
 X - a potion of heal wounds
Miscellaneous
 d - a box of beasts (inert)
 m - a phial of floods
 t - a piece from Xom's chessboard (15/15)
 u - a lightning rod (4/4)
 E - a phantom mirror
 Y - a tin of tremorstones (2/2)


   Skills:
 + Level 20.0 Fighting
 - Level 20.0 Polearms
 - Level 17.0 Throwing
 + Level 9.8 Armour
 - Level 24.0 Dodging
 - Level 10.0 Stealth
 - Level 15.0 Shields
 - Level 14.0 Invocations
 - Level 10.0 Evocations


You had 22 spell levels left.
You didn't know any spells.
Your spell library contained the following spells:

 Spells                   Type           Power      Damage    Failure   Level
 Beastly Appendage        Tmut           0%         N/A       71%         1
 Sandblast                Erth           0%         2d4       71%         1
 Summon Small Mammal      Summ           0%         N/A       71%         1
 Blink                    Tloc           0%         N/A       85%         2
 Passwall                 Tmut/Erth      0%         N/A       85%         2
 Scorch                   Fire           0%         2d5       85%         2
 Wereblood                Tmut           0%         N/A       85%         2
 Call Canine Familiar     Summ           0%         N/A       97%         3
 Conjure Flame            Conj/Fire      0%         6-21      97%         3
 Gell's Gravitas          Tloc           0%         N/A       97%         3
 Ignite Poison            Fire/Tmut/Pois 0%         N/A       97%         3
 Inner Flame              Hex/Fire       0%         N/A       97%         3
 Lesser Beckoning         Tloc           0%         N/A       97%         3
 Mephitic Cloud           Conj/Pois/Air  0%         N/A       97%         3
 Ozocubu's Armour         Ice            0%         N/A       97%         3
 Portal Projectile        Hex/Tloc       0%         N/A       97%         3
 Spider Form              Tmut/Pois      0%         N/A       97%         3
 Stone Arrow              Conj/Erth      0%         3d7       97%         3
 Summon Guardian Golem    Hex/Summ       0%         N/A       97%         3
 Teleport Other           Tloc           0%         N/A       97%         3
 Tukima's Dance           Hex            0%         N/A       97%         3
 Animate Dead             Necr           0%         N/A       100%        4
 Cause Fear               Hex            0%         N/A       100%        4
 Flame Wave               Conj/Fire      0%         2d4       100%        4
 Hailstorm                Conj/Ice       0%         3d3       100%        4
 Ice Form                 Ice/Tmut       0%         N/A       100%        4
 Passage of Golubria      Tloc           0%         N/A       100%        4
 Petrify                  Tmut/Erth      0%         N/A       100%        4
 Sticky Flame             Conj/Fire      0%         2d3       100%        4
 Summon Lightning Spire   Summ/Air       0%         N/A       100%        4
 Blade Hands              Tmut           0%         N/A       100%        5
 Irradiate                Conj/Tmut      0%         3d11      100%        5
 Manifold Assault         Tloc           0%         N/A       100%        5
 Yara's Violent Unravell  Hex/Tmut       0%         3d3       100%        5
 Conjure Ball Lightning   Conj/Air       0%         3x3d6     100%        6
 Dispersal                Tloc           0%         N/A       100%        6
 Simulacrum               Ice/Necr       0%         N/A       100%        6
 Summon Cactus Giant      Summ           0%         N/A       100%        6
 Dragon Form              Tmut           0%         N/A       100%        7
 Haunt                    Necr/Summ      0%         N/A       100%        7
 Ozocubu's Refrigeration  Ice            0%         4d7       100%        7
 Storm Form               Tmut/Air       0%         N/A       100%        7
 Discord                  Hex            0%         N/A       100%        8
 Disjunction              Tloc           0%         N/A       100%        8
 Infestation              Necr           0%         N/A       100%        8
 Maxwell's Capacitive Co  Air            0%         ∞         100%        8
 Chain Lightning          Conj/Air       0%         N/A       100%        9
 Dragon's Call            Summ           0%         N/A       100%        9
 Fire Storm               Conj/Fire      0%         5d1       100%        9
 Shatter                  Erth           0%         3d5*      100%        9


Dungeon Overview and Level Annotations

Branches:
Dungeon (15/15)            Temple (1/1) D:7            Lair (5/5) D:9
 Shoals (4/4) Lair:3        Snake (4/4) Lair:3        Slime (0/5) Lair:5
    Orc (2/2) D:10            Elf (0/3) Orc:2        Vaults (5/5) D:14
  Crypt (0/3) Vaults:3     Depths (4/4) D:15        Ossuary (visited)
  IceCv (visited)
    Zot: Depths:4

Altars:
Ashenzari
Cheibriados
Dithmenos
Fedhas
Gozag
Makhleb
Nemelex Xobeh
Okawaru
Ru
Sif Muna
Trog
Uskayaw
Vehumet
Wu Jian
Xom
Yredelemnul
Zin
The Shining One
Lugonu

Shops:
D:2 [[:?   D:4 [   D:12 :   D:14 !   Orc:2 *:([   Shoals:3 :   Snake:2 =!
Snake:3 (?[[   Vaults:1 :   Vaults:3 [[   Depths:2 *

Portals:
Hell: Depths:1 Depths:2 Depths:3
Abyss: Lair:5 Depths:1 Depths:3
Pandemonium: Depths:1 Depths:2 Depths:4
Trove: D:10 (give 5 scrolls of fog)

Annotations:
D:10 exclusion: statue
Vaults:3 2 transporters, lis82's ghost, adept DgHW


Innate Abilities, Weirdness & Mutations

((You are very nimble when in or above water. (Stealth+, EV+, Speed+++)))
Your lower body shifts to a powerful aquatic tail in water.
You have a pair of small horns on your head.
Armour fits poorly on your strangely shaped body.
You are very dopey. (Int -4)
Your magical capacity is low. (-10% MP)
You are strong-willed. (Will+)
Your spells are easier to cast, but less powerful.


Message History

The great blast of fire engulfs Feniupp!!
Feniupp partially resists. 2 fire vortices come into view.
Unknown command.
You draw a card...
You have drawn the Orb.
Press: ? - help, Shift-Dir - straight line, f - Feniupp
Aim: Feniupp (flame, heavily wounded)
The wavering orb of destruction weakly hits Feniupp.
Feniupp is heavily wounded.
You are engulfed in blazing flames.
You resist. You block the fire vortex's attack. The fire vortex hits you.
The fire vortex burns you! You resist.
* * * LOW HITPOINT WARNING * * *
The fire vortex dissipates!
Feniupp gestures at you.
A raging storm of fire appears!
The great blast of fire engulfs you!! You partially resist.
* * * LOW HITPOINT WARNING * * *
The great blast of fire engulfs Feniupp!!
Feniupp partially resists.
You block the fire vortex's attack.
The fire vortex completely misses you. 2 fire vortices come into view.
You feel much better. You block Feniupp's attack.
The fire vortex completely misses you. Feniupp gestures at you.
A raging storm of fire appears!
The great blast of fire engulfs you!!! You partially resist.
* * * LOW HITPOINT WARNING * * *
The great blast of fire engulfs Feniupp!
Feniupp partially resists.
You block the fire vortex's attack.
Blink to where?
Press: ? - help, Dir - move target, p - Feniupp
As you read the scroll of blinking, it crumbles to dust.
You are engulfed in blazing flames.
You resist. Feniupp gestures at you.
A raging storm of fire appears!
The great blast of fire engulfs you!! You partially resist.
You die...
Your body glows with a rainbow of weird colours and disappears.

▓▓▓
▓▓▓.▓▓▓
▓☼○v..▓
▓▓v°○@.▓▓
▓vv○&vv.▓
▓▓v°vv.▓▓
▓.vv°v▓
▓▓▓.▓▓▓
▓▓▓


You could see Feniupp and 12 fire vortices.

Vanquished Creatures
  A juggernaut (Depths:3)
  Boris (thrice) (Vaults:4 Depths:1 Depths:2)
  Margery (Vaults:3)
  Saint Roka (Orc:2)
  The ghost of duchin the Spry, a veteran MfIE of Ashenzari (Depths:2)
  A golden dragon (Vaults:1)
  Nikola (Vaults:2)
  The ghost of dvd2 the Ninja, a veteran KoEn of Dithmenos (Depths:1)
  An iron giant (Vaults:2)
  A lich (Depths:4)
  3 titans
  Asterion (Snake:4)
  2 tentacled starspawn (Abyss:3)
  A kraken (Abyss:3)
  2 sphinxes
  The ghost of thechecker02 the Blocker, an adept GnFi of Cheibriados (Shoals:3)
  A storm dragon (Vaults:5)
  4 tengu reavers
  3 shadow dragons (Vaults:5)
  40 slime creatures
  An azure jelly (Vaults:1)
  9 fire giants
  A fenstrider witch (Vaults:1)
  11 nagarajas (Snake:4)
  3 orc warlords
  2 frost giants
  A cacodemon (Depths:3)
  2 caustic shrike zombies (Depths:1)
  Aizul (Snake:4)
  14 vault wardens
  3 war gargoyles
  14 very ugly things
  A ghost moth (Vaults:1)
  Louise (Shoals:3)
  16 ironbound preservers
  A juggernaut skeleton (Abyss:3)
  16 stone giants
  A reaper (Depths:1)
  8 ironbound thunderhulks
  A deep elf demonologist (Vaults:5)
  14 dire elephants
  A white draconian (IceCv)
  2 crystal guardians (Vaults:4)
  5 fire dragons
  8 ettins
  4 merfolk javelineers
  Josephine (Orc:2)
  4 merfolk impalers
  3 jiangshi (Depths:1)
  12 yaktaur captains
  6 great orbs of eyes
  2 salamander tyrants (Snake:4)
  An ice dragon (Depths:1)
  Erolcha (Orc:2)
  A rakshasa (Depths:2)
  5 hydras
  5 boulder beetles
  31 vault guards
  5 centaur warriors
  9 two-headed ogres
  4 merfolk aquamancers
  3 merfolk avatars
  2 peacekeepers
  An ogre mage (D:15)
  10 anacondas
  3 catoblepae
  15 ironbound frosthearts
  4 satyrs
  14 naga warriors
  12 death yaks
  An alligator snapping turtle (Shoals:3)
  4 deep troll shamans
  5 tengu warriors
  An alligator (Shoals:3)
  A vampire mage (Depths:1)
  6 shock serpents
  8 deep troll earth magi
  3 thrashing horrors (Lair:5)
  6 spriggan berserkers
  A storm dragon zombie (Depths:1)
  2 soul eaters
  4 naga sharpshooters
  A wretched star (Abyss:3)
  11 hell knights
  A sun demon (Depths:1)
  8 skeletal warriors (Vaults:3)
  A titan skeleton (Depths:1)
  A flayed ghost (Depths:1)
  A salamander mystic (Snake:4)
  3 death drakes
  6 sea snakes
  6 iron trolls
  2 spark wasp zombies
  44 deep trolls
  A sea snake (shapeshifter) (Vaults:5)
  7 wizards
  6 naga ritualists
  An orb spider (Depths:1)
  5 tengu zombies (Depths:1)
  2 glowing orange brains
  A phantasmal warrior (Vaults:5)
  A shadow dragon zombie (Depths:1)
  Pikel (D:4)
  A deep elf pyromancer (D:12)
  A golden dragon skeleton (Depths:2)
  An orange crystal statue (Shoals:1)
  A swamp dragon (Shoals:3)
  16 ironbound convokers
  12 orc knights
  12 harpies
  A sphinx zombie (Depths:1)
  6 lindwurms
  9 necromancers
  An orc sorcerer (Orc:2)
  A harpy (shapeshifter) (Vaults:4)
  2 oklob plants (Lair:5)
  7 mana vipers
  2 iron dragon zombies
  45 ugly things
  3 stone giant zombies (Depths:1)
  A tengu skeleton (Vaults:3)
  11 salamanders
  9 cyclopes
  16 manticores
  3 frost giant zombies (Depths:1)
  4 fauns
  A sphinx skeleton (Depths:2)
  2 shining eyes
  9 elephants
  An elephant (shapeshifter) (Vaults:5)
  5 merfolk sirens
  Maurice (Orc:2)
  14 naga magi
  3 stone giant skeletons (Vaults:3)
  A fire giant skeleton (Vaults:3)
  28 black mambas
  A rust devil (Depths:3)
  13 vault sentinels
  10 water nymphs
  A gargoyle (D:12)
  10 cane toads
  An eye of devastation (Orc:2)
  3 orange demons
  8 guardian serpents
  3 smoke demons
  3 efreet
  A torpor snail (shapeshifter) (Vaults:5)
  An alligator snapping turtle skeleton (Abyss:3)
  29 rime drakes
  18 komodo dragons
  A komodo dragon (shapeshifter) (D:15)
  A yaktaur (shapeshifter) (Lair:5)
  An ice devil (Depths:4)
  28 yaktaurs
  A red devil (Depths:1)
  A freezing wraith (D:14)
  4 tengu conjurers
  An entropy weaver simulacrum (Vaults:3)
  3 hellwings
  2 ancient zymes
  2 guardian mummies (D:10)
  13 polar bears
  4 human skeletons (Vaults:3)
  A polar bear (shapeshifter) (D:13)
  11 trolls
  19 merfolk
  2 meliai (D:13)
  3 hornets
  9 wind drakes
  A spriggan zombie (Depths:1)
  Prince Ribbit (D:6)
  A tengu simulacrum (Depths:2)
  4 dream sheep (Shoals:3)
  9 raiju (Abyss:3)
  A dream sheep (shapeshifter) (Vaults:5)
  16 blink frogs
  A blink frog (shapeshifter) (Lair:5)
  2 ettin zombies (Depths:1)
  9 snapping turtles
  3 shadows
  7 large abominations
  2 vampires (D:13)
  3 spriggans
  11 water elementals
  5 wyverns
  5 ynoxinuls
  4 wraiths
  8 basilisks
  10 yaks
  2 hogs (shapeshifter)
  A human (Vaults:3)
  2 steam dragons (D:7)
  An elf skeleton (Vaults:3)
  7 vampire mosquitoes
  8 wargs
  A redback (Vaults:3)
  A neqoxec (Depths:4)
  A death yak simulacrum (Lair:1)
  A chaos spawn (Lair:5)
  9 small abominations (Lair:5)
  41 nagas
  2 acid dragons
  Menkaure (D:6)
  A harpy simulacrum (Abyss:3)
  3 glowing shapeshifter zombies (Depths:1)
  A floating eye (Vaults:1)
  11 water moccasins
  4 ice beasts
  27 orc warriors
  A floating eye zombie (Depths:1)
  3 black bears
  4 wolves
  3 boggarts (D:15)
  6 centaurs
  A deep troll simulacrum (Vaults:3)
  12 ogres
  A lemure (D:4)
  A gnoll sergeant (D:13)
  Blork the orc (Orc:2)
  14 bullfrogs
  An elf zombie (Ossuary)
  6 scorpions
  A wight (D:7)
  8 killer bees
  3 howler monkeys
  A wyvern simulacrum (Lair:1)
  4 jellies
  A human zombie (Ossuary)
  14 orc priests
  A water moccasin simulacrum (Lair:1)
  4 hounds
  17 iguanas
  20 orc wizards
  A hell rat (Lair:1)
  A bullfrog simulacrum (Lair:1)
  3 mummies (Ossuary)
  Robin (D:3)
  4 gnolls (D:6)
  8 adders
  3 shadow imps
  2 white imps
  4 ufetubi
  3 adder zombies (Ossuary)
  4 dart slugs
  66 orcs
  3 ball pythons
  3 bats
  3 endoplasms
  4 giant cockroaches
  14 goblins
  12 hobgoblins
  12 jackals
  2 quokkas
  17 frilled lizards
  A goblin zombie (Ossuary)
  3 hobgoblin zombies (Ossuary)
  8 kobolds
  4 kobold zombies (Ossuary)
  An orc zombie (Ossuary)
  3 quokka zombies
  6 rats
  3 rat zombies
  2 butterflies (Lair:2)
  A lurking horror (Abyss:3)
  4 tentacles (Abyss:3)
1518 creatures vanquished.

Vanquished Creatures (collateral kills)
  Boris (Depths:3)
  A pearl dragon (Abyss:3)
  A tentacled monstrosity (Vaults:5)
  Polyphemus (Shoals:4)
  A storm dragon (Lair:4)
  Donald (Vaults:1)
  A nagaraja (Snake:4)
  A frost giant (IceCv)
  An ironbound preserver (Vaults:1)
  A very ugly thing (Vaults:5)
  A quicksilver ooze (Vaults:2)
  A deep elf annihilator (Vaults:5)
  A merfolk javelineer (Shoals:4)
  A merfolk impaler (Shoals:4)
  The ghost of opiumtea the Martial Artist, a journeyman GnTm of Sif Muna (Lair:1)
  A hydra (D:10)
  3 merfolk aquamancers
  A naga warrior (Snake:4)
  An alligator snapping turtle (Shoals:1)
  2 death yaks (Lair:4)
  A naga sharpshooter (Snake:4)
  2 sea snakes
  A swamp dragon (Shoals:2)
  An ironbound convoker (Vaults:5)
  An orange crystal statue (IceCv)
  An orc knight (Orc:1)
  An ugly thing (IceCv)
  A manticore (Shoals:3)
  A merfolk siren (Shoals:3)
  A guardian serpent (Orc:2)
  A water nymph (Shoals:4)
  A vault sentinel (Vaults:5)
  A smoke demon (Abyss:3)
  A dire elephant skeleton (Abyss:3)
  A large abomination (Abyss:3)
  4 merfolk
  2 raiju (Abyss:3)
  A snapping turtle (Orc:2)
  2 water elementals
  2 wraiths (Orc:2)
  4 yaks
  A naga (Snake:4)
  A warg (Orc:2)
  A water moccasin (Lair:1)
  An orc warrior (Orc:1)
  2 bullfrogs (Lair:1)
  2 orc priests (Orc:2)
  A water moccasin simulacrum (Lair:1)
  A bullfrog simulacrum (Lair:1)
  2 orcs (Orc:1)
  2 starspawn tentacles (Abyss:3)
68 creatures vanquished.

Vanquished Creatures (others)
  A war gargoyle (Vaults:1)
  2 ironbound preservers
  A vault guard (Vaults:5)
  A rakshasa (Depths:3)
  An ogre mage (Vaults:3)
  A vampire mage (Depths:1)
  A storm dragon zombie (Depths:1)
  A deep troll (Vaults:2)
  An ironbound convoker (Vaults:1)
  A salamander (Vaults:2)
  A black mamba (Snake:4)
  A vault sentinel (Vaults:2)
  A meliai (D:13)
  A troll (D:13)
  A large abomination (Abyss:3)
  A naga (Snake:4)
  An ogre (Vaults:5)
  A boggart (D:15)
  An iguana (Orc:2)
  An orc (D:13)
  A frilled lizard (Lair:2)
  A fire vortex (Zig:1)
  17 fungi
  132 plants
  4 starspawn tentacles (Abyss:3)
  5 tentacles (Abyss:3)
181 creatures vanquished.

Grand Total: 1767 creatures vanquished

Notes
Turn   | Place    | Note
-------+----------+-------------------------------------------
     0 | D:1      | Rrauwl the Merfolk Gladiator began the quest for the Orb.
     0 | D:1      | Reached XP level 1. HP: 16/16 MP: 1/1
    23 | D:1      | Found a radiant altar of Vehumet.
   136 | D:2      | Found Hamn's Magic Scroll Boutique.
   144 | D:2      | Bought a scroll of teleportation for 36 gold pieces
   144 | D:2      | Bought a scroll of noise for 12 gold pieces
   444 | D:1      | Reached XP level 2. HP: 23/23 MP: 2/2
   985 | D:1      | Reached skill level 1 in Stealth
  1376 | D:2      | Reached XP level 3. HP: 26/28 MP: 3/3
  1718 | D:2      | Found Ukherer's Book Shop.
  1840 | D:2      | Found Enor's Armour Boutique.
  1847 | D:2      | Found Cedeutob's Antique Armour Boutique.
  2027 | D:2      | Gained mutation: You occasionally lose the ability to read
                  | scrolls when taking damage. [potion of mutation]
  2027 | D:2      | Gained mutation: You expend magic power (3 MP) to
                  | strengthen your wands. [potion of mutation]
  2363 | D:3      | Noticed Robin
  2395 | D:3      | HP: 1/28 [Robin/+0 falchion (5)]
  2402 | D:3      | Killed Robin
  2403 | D:3      | Reached XP level 4. HP: 20/34 MP: 4/4
  2956 | D:3      | Found a faded altar of an unknown god.
  2959 | D:3      | Noticed a shining eye
  2963 | D:3      | Noticed a floating eye
  2967 | D:3      | Noticed a shining eye
  3016 | D:3      | Noticed a golden eye
  3093 | D:4      | Reached XP level 5. HP: 41/41 MP: 5/5
  3141 | D:4      | Found Lyen's Antique Armour Emporium.
  3153 | D:4      | Reached skill level 5 in Polearms
  3153 | D:4      | Reached skill level 5 in Dodging
  3153 | D:4      | Reached skill level 1 in Evocations
  3163 | D:4      | Noticed a lemure
  3182 | D:4      | Killed a lemure
  3200 | D:4      | Noticed Pikel
  3200 | D:4      | Noticed a lemure
  3259 | D:4      | Found a sand-covered staircase.
  3268 | Ossuary  | Entered an ossuary
  3295 | Ossuary  | Reached XP level 6. HP: 34/47 MP: 6/6
  3778 | Ossuary  | Lost mutation: You occasionally lose the ability to read
                  | scrolls when taking damage. [potion of mutation]
  3778 | Ossuary  | Lost mutation: You expend magic power (3 MP) to strengthen
                  | your wands. [potion of mutation]
  3778 | Ossuary  | Gained mutation: Armour fits poorly on your strangely
                  | shaped body. [potion of mutation]
  3778 | Ossuary  | Gained mutation: You are robust. (+10% HP) [potion of
                  | mutation]
  3842 | D:4      | Reached skill level 6 in Dodging
  3943 | D:4      | Killed Pikel
  3944 | D:4      | Reached skill level 7 in Dodging
  3944 | D:4      | Reached XP level 7. HP: 28/57 MP: 7/7
  3944 | D:4      | Reached XP level 8. HP: 31/63 MP: 8/8
  4145 | D:4      | Identified a scroll of acquirement
  4145 | D:4      | Acquired the +1 hat of Sapn {rN++ Regen+ Str+5}
  4343 | D:4      | Reached skill level 8 in Dodging
  4650 | D:5      | Entered Level 5 of the Dungeon
  4927 | D:5      | Reached skill level 9 in Dodging
  5361 | D:5      | Reached skill level 10 in Polearms
  5500 | D:6      | Reached XP level 9. HP: 69/69 MP: 9/9
  5514 | D:6      | Noticed Prince Ribbit
  5548 | D:6      | Killed Prince Ribbit
  5753 | D:6      | Reached skill level 1 in Armour
  5828 | D:6      | Noticed Menkaure
  5861 | D:6      | Killed Menkaure
  5934 | D:6      | Found a bloodstained altar of Trog.
  5966 | D:6      | Reached skill level 10 in Dodging
  6023 | D:6      | Found a sacrificial altar of Ru.
  6111 | D:7      | Found a staircase to the Ecumenical Temple.
  6122 | Temple   | Entered the Ecumenical Temple
  6132 | Temple   | Became a worshipper of Nemelex Xobeh the Trickster
  6333 | D:7      | Found a blossoming altar of Fedhas.
  6339 | D:7      | Found a broken altar of Ashenzari.
  6617 | D:7      | Reached * piety under Nemelex Xobeh
  6625 | D:7      | Received a gift from Nemelex Xobeh
  7014 | D:7      | Reached XP level 10. HP: 80/80 MP: 10/10
  7110 | D:8      | Reached skill level 5 in Fighting
  7181 | D:8      | Reached skill level 11 in Dodging
  7229 | D:8      | Received a gift from Nemelex Xobeh
  7413 | D:8      | Reached ** piety under Nemelex Xobeh
  7780 | D:9      | Received a gift from Nemelex Xobeh
  7868 | D:9      | Found a staircase to the Lair.
  7923 | D:9      | Identified the +0 robe of the Stone Wall {Harm}
  8006 | D:9      | Reached skill level 12 in Dodging
  8332 | D:9      | Found a shadowy altar of Dithmenos.
  8517 | D:10     | Entered Level 10 of the Dungeon
  8528 | D:10     | Found an opulent altar of Gozag.
  8534 | D:10     | Found an opulent altar of Gozag.
  8534 | D:10     | Found an opulent altar of Gozag.
  8534 | D:10     | Noticed a five-headed hydra
  8575 | Lair:1   | Entered Level 1 of the Lair of Beasts
  8671 | Lair:1   | Noticed a death yak
  8692 | Lair:1   | Reached skill level 13 in Dodging
  8699 | Lair:1   | Noticed a catoblepas
  8711 | Lair:1   | Noticed a cane toad
  8716 | Lair:1   | Killed a cane toad
  8717 | Lair:1   | Reached XP level 11. HP: 43/86 MP: 11/11
  8759 | Lair:1   | Found a runed translucent gate.
  8759 | Lair:1   | Found a runed translucent gate.
  8759 | Lair:1   | Found a runed translucent gate.
  8808 | Lair:1   | Killed a catoblepas
  9003 | Lair:1   | Reached skill level 14 in Dodging
  9211 | Lair:1   | Noticed opiumtea's ghost (journeyman GnTm)
  9543 | D:9      | Killed a death yak
  9766 | Lair:1   | Reached *** piety under Nemelex Xobeh
  9907 | Lair:1   | Reached skill level 15 in Polearms
  9916 | Lair:1   | Killed opiumtea's ghost
  9936 | Lair:1   | Reached skill level 15 in Dodging
  9978 | Lair:1   | Got the ring "Otweo" {Fire Will+}
 10065 | Lair:2   | Noticed an eight-headed hydra
 10379 | Lair:2   | Reached skill level 1 in Invocations
 10527 | Lair:2   | Reached XP level 12. HP: 94/94 MP: 13/13
 10547 | Lair:2   | Received a gift from Nemelex Xobeh
 10761 | Lair:2   | Reached skill level 5 in Stealth
 10791 | Lair:2   | Noticed an ettin
 10791 | Lair:2   | an eight-headed hydra changed into an ettin
 10823 | Lair:2   | Killed an ettin
 10824 | Lair:2   | Reached skill level 5 in Evocations
 10836 | Lair:2   | Reached skill level 5 in Throwing
 11260 | Lair:3   | Found a staircase to the Shoals.
 11282 | Lair:3   | Acquired 843 gold pieces
 11407 | Lair:3   | Received a gift from Nemelex Xobeh
 11473 | Lair:3   | Reached **** piety under Nemelex Xobeh
 12005 | Lair:3   | Found a staircase to the Snake Pit.
 12087 | Lair:3   | Received a gift from Nemelex Xobeh
 12312 | Lair:4   | Lost mutation: You are robust. (+10% HP) [potion of
                  | mutation]
 12312 | Lair:4   | Lost mutation: Armour fits poorly on your strangely shaped
                  | body. [potion of mutation]
 12312 | Lair:4   | Gained mutation: Your mind is acute. (Int +4, Str/Dex -1)
                  | [potion of mutation]
 12312 | Lair:4   | Gained mutation: Your flesh is cold resistant. (rC+)
                  | [potion of mutation]
 12366 | Lair:4   | Noticed a death yak
 12380 | Lair:4   | Killed a death yak
 12386 | Lair:4   | Reached skill level 16 in Dodging
 12387 | Lair:4   | Noticed a death yak
 12400 | Lair:4   | Noticed a death yak
 12400 | Lair:4   | Noticed a death yak
 12409 | Lair:4   | Killed a death yak
 12419 | Lair:4   | Killed a death yak
 12423 | Lair:4   | Killed a death yak
 12424 | Lair:4   | Reached XP level 13. HP: 95/95 MP: 14/16
 12754 | Lair:4   | Lost mutation: Your flesh is cold resistant. (rC+) [potion
                  | of mutation]
 12754 | Lair:4   | Lost mutation: Your mind is acute. (Int +4, Str/Dex -1)
                  | [potion of mutation]
 12754 | Lair:4   | Gained mutation: You are strong-willed. (Will+) [potion of
                  | mutation]
 12754 | Lair:4   | Gained mutation: You have a pair of small horns on your
                  | head. [potion of mutation]
 13334 | Lair:4   | Reached skill level 5 in Invocations
 13336 | Lair:4   | Noticed a storm dragon
 13336 | Lair:4   | a death yak changed into a storm dragon
 13505 | Shoals:1 | Entered Level 1 of the Shoals
 13518 | Shoals:1 | Received a gift from Nemelex Xobeh
 13941 | Shoals:1 | Found a transporter.
 14023 | Shoals:1 | Received a gift from Nemelex Xobeh
 14025 | Shoals:1 | Found a transporter.
 14048 | Shoals:1 | Identified the +1 helmet of Space {rC+ Will+}
 14430 | Shoals:1 | Identified the +2 pair of gloves of the Sandy Sparrow
                  | {Int+6 Dex+2}
 14448 | Shoals:1 | Identified the ring "Ofeadas" {Fly rF+ MP+9 Int-3 Dex+4}
 14470 | Shoals:1 | Got Sif Muna's Incunable of Transmigration
 14759 | Shoals:2 | Reached XP level 14. HP: 105/105 MP: 18/18
 15002 | Shoals:2 | Reached skill level 17 in Dodging
 15119 | Shoals:2 | Identified the -2 quarterstaff "Osirreav" {pain, rC+ Int+4}
 15504 | Shoals:3 | Identified the +4 plate armour of Space {rPois rN+ Stlth+}
 15734 | D:10     | Reached ***** piety under Nemelex Xobeh
 15736 | D:10     | Found a staircase to the Orcish Mines.
 15811 | D:10     | Identified the +1 helmet of Soft Wonder {Int+6 Dex+2}
 15819 | D:10     | Found a portal to a secret trove of treasure.
 15901 | D:10     | Found a shimmering altar of Xom.
 15903 | D:10     | Found an iron altar of Okawaru.
 15903 | D:10     | Found an ornate altar of the Wu Jian Council.
 15904 | D:10     | Found a glowing golden altar of the Shining One.
 15904 | D:10     | Found a burning altar of Makhleb.
 15908 | D:10     | Found a basalt altar of Yredelemnul.
 15987 | D:10     | Found an opulent altar of Gozag.
 16096 | D:10     | Received a gift from Nemelex Xobeh
 16261 | D:10     | Found a radiant altar of Vehumet.
 16533 | D:11     | Identified the +4 hand axe "Woatz" {pain, Str+3}
 16619 | D:11     | Received a gift from Nemelex Xobeh
 16757 | D:12     | Reached skill level 1 in Shields
 16908 | D:12     | Found Cede's Tremendous Tomes.
 17036 | D:12     | Received a gift from Nemelex Xobeh
 17502 | D:13     | Found a shimmering altar of Xom.
 17830 | D:13     | Received a gift from Nemelex Xobeh
 18006 | D:14     | Found Zin's Purification Station.
 18009 | D:14     | Found a glowing silver altar of Zin.
 18021 | D:14     | Bought 2 potions of curing for 180 gold pieces
 18103 | D:14     | Found a gate to the Vaults.
 18143 | D:14     | Received a gift from Nemelex Xobeh
 18299 | D:14     | Reached skill level 18 in Dodging
 18364 | D:14     | Reached XP level 15. HP: 100/110 MP: 21/21
 18527 | D:14     | Found Vyoriamp's Distillery.
 18532 | D:14     | Bought a potion of invisibility for 96 gold pieces
 18532 | D:14     | Bought a potion of degeneration for 12 gold pieces
 18532 | D:14     | Bought a potion of heal wounds for 60 gold pieces
 18532 | D:14     | Bought a potion of curing for 36 gold pieces
 18532 | D:14     | Bought a potion of invisibility for 96 gold pieces
 18532 | D:14     | Bought a potion of heal wounds for 60 gold pieces
 19225 | Lair:4   | Killed a storm dragon
 19227 | Lair:4   | Reached skill level 5 in Shields
 19394 | Lair:5   | Entered Level 5 of the Lair of Beasts
 19488 | Lair:5   | Received a gift from Nemelex Xobeh
 19670 | Lair:5   | Found a staircase to the Slime Pits.
 19889 | Lair:5   | Reached ****** piety under Nemelex Xobeh
 20013 | Lair:5   | Identified the ring "Usijihoc" {Fly Will- Dex+5}
 20064 | Lair:5   | Found a corrupted altar of Lugonu.
 20064 | Lair:5   | Found a one-way gate to the infinite horrors of the Abyss.
 20148 | Lair:5   | Reached skill level 19 in Dodging
 20157 | Lair:5   | Received a gift from Nemelex Xobeh
 21089 | Shoals:3 | Found Meorghugg's Book Boutique.
 21439 | Shoals:3 | Found a transporter.
 21439 | Shoals:3 | Noticed thechecker02's ghost (adept GnFi)
 21593 | Shoals:3 | Noticed Louise
 21610 | Shoals:3 | Killed Louise
 21734 | Shoals:3 | Received a gift from Nemelex Xobeh
 21791 | Shoals:3 | Reached XP level 16. HP: 117/117 MP: 22/22
 22049 | Shoals:3 | Killed thechecker02's ghost
 22170 | Shoals:4 | Entered Level 4 of the Shoals
 22573 | Shoals:4 | Reached skill level 20 in Dodging
 22662 | Shoals:4 | Noticed Polyphemus
 22709 | Shoals:4 | Identified the +2 long sword of Sazol {vorpal, rC+ rN+
                  | Stlth+}
 22724 | Shoals:4 | Received a gift from Nemelex Xobeh
 22951 | Shoals:4 | Killed Polyphemus
 22966 | Shoals:4 | Got a barnacled rune of Zot
 23099 | Shoals:4 | Reached skill level 5 in Armour
 23442 | D:2      | Bought a scroll of enchant armour for 90 gold pieces
 23442 | D:2      | Bought a scroll of enchant weapon for 90 gold pieces
 23688 | D:15     | Entered Level 15 of the Dungeon
 23814 | D:15     | Received a gift from Nemelex Xobeh
 23890 | D:15     | Found a staircase to the Depths.
 23914 | D:15     | Reached skill level 10 in Invocations
 24006 | D:15     | Reached skill level 10 in Shields
 24006 | D:15     | Reached XP level 17. HP: 121/122 MP: 24/24
 24132 | D:15     | Identified the +8 rapier of Lobyro {flame, rPois}
 24774 | Orc:1    | Entered Level 1 of the Orcish Mines
 24811 | Orc:1    | Reached skill level 21 in Dodging
 24917 | Orc:1    | Received a gift from Nemelex Xobeh
 25219 | Orc:2    | Entered Level 2 of the Orcish Mines
 25219 | Orc:2    | Noticed Josephine
 25231 | Orc:2    | Killed Josephine
 25235 | Orc:2    | Noticed Maurice
 25273 | Orc:2    | Killed Maurice
 25369 | Orc:2    | Noticed Blork the orc
 25400 | Orc:2    | Killed Blork the orc
 25408 | Orc:2    | Noticed Erolcha
 25421 | Orc:2    | Killed Erolcha
 25435 | Orc:2    | Received a gift from Nemelex Xobeh
 25503 | Orc:2    | Noticed Nergalle
 25509 | Orc:2    | Noticed Nergalle
 25509 | Orc:2    | Nergalle changed into Nergalle the cyclops
 25528 | Orc:2    | Killed Nergalle the cyclops
 25625 | Orc:2    | Found a staircase to the Elven Halls.
 25654 | Orc:2    | Found Zoehoco Zess's Book Shop.
 25712 | Orc:2    | Noticed Saint Roka
 25727 | Orc:2    | Killed Saint Roka
 25959 | Orc:2    | Found Dezack's Antique Weapon Shop.
 25983 | Orc:2    | Found Cikiomi's General Store.
 25997 | Orc:2    | Found Igew's Antique Armour Shop.
 26227 | Snake:1  | Entered Level 1 of the Snake Pit
 26402 | Snake:1  | Received a gift from Nemelex Xobeh
 26712 | Snake:1  | Reached skill level 22 in Dodging
 26760 | Snake:1  | Received a gift from Nemelex Xobeh
 26827 | Snake:1  | Found a frozen archway.
 26872 | IceCv    | Entered an ice cave
 27151 | IceCv    | Received a gift from Nemelex Xobeh
 27269 | IceCv    | Reached skill level 23 in Dodging
 27351 | IceCv    | Identified the +1 pair of boots "Fiupio" {rPois Will+
                  | Int+5}
 27395 | IceCv    | Reached XP level 18. HP: 73/129 MP: 25/25
 28057 | Snake:1  | Identified the +1 long sword "Vimiom" {vorpal, Contam
                  | +Blink rElec rN+}
 28069 | Snake:1  | Identified the +3 cloak of Ceem {Regen+}
 28307 | Snake:2  | Received a gift from Nemelex Xobeh
 28492 | Snake:2  | Reached skill level 24 in Dodging
 28578 | Snake:2  | Found Maefrylo's Distillery.
 28583 | Snake:2  | Found Pudoap's Jewellery Emporium.
 28814 | Snake:2  | Bought a potion of curing for 45 gold pieces
 28814 | Snake:2  | Bought a potion of curing for 45 gold pieces
 28872 | Snake:2  | Received a gift from Nemelex Xobeh
 29209 | Snake:2  | Found a snail-covered altar of Cheibriados.
 29406 | Snake:3  | Received a gift from Nemelex Xobeh
 29481 | Snake:3  | Found Muxteuf's Magic Scroll Shoppe.
 29483 | Snake:3  | Found Laxtior's Antique Armour Emporium.
 29483 | Snake:3  | Found Doef's Antique Weapon Shoppe.
 29516 | Snake:3  | Bought a scroll of enchant weapon for 105 gold pieces
 29516 | Snake:3  | Bought 3 scrolls of teleportation for 126 gold pieces
 29516 | Snake:3  | Bought a scroll of summoning for 133 gold pieces
 29516 | Snake:3  | Bought a scroll of teleportation for 42 gold pieces
 29517 | Snake:3  | Found Osoetzei's Antique Armour Emporium.
 29607 | Snake:3  | Received a gift from Nemelex Xobeh
 29969 | Snake:4  | Entered Level 4 of the Snake Pit
 29969 | Snake:4  | Received a gift from Nemelex Xobeh
 30100 | Snake:4  | Noticed Aizul
 30125 | Snake:4  | Killed Aizul
 30202 | Snake:4  | Reached skill level 10 in Throwing
 30475 | Snake:4  | Received a gift from Nemelex Xobeh
 30585 | Snake:4  | Reached skill level 10 in Fighting
 30975 | Snake:4  | Noticed Asterion
 31003 | Snake:4  | Reached XP level 19. HP: 57/142 MP: 28/28
 31003 | Snake:4  | Identified the +2 long sword "Saeshri" {vorpal, Dex+5}
 31011 | Snake:4  | Killed Asterion
 31327 | Snake:4  | Got a serpentine rune of Zot
 31693 | Vaults:1 | Entered Level 1 of the Vaults
 32057 | Vaults:1 | Reached skill level 15 in Throwing
 32127 | Vaults:1 | Noticed a golden dragon
 32127 | Vaults:1 | an ironbound thunderhulk changed into a golden dragon
 32140 | Vaults:1 | Killed a golden dragon
 32202 | Vaults:1 | Gained mutation: Your spells are a little easier to cast,
                  | but a little less powerful. [a shining eye]
 32203 | Vaults:1 | Gained mutation: Your spells are easier to cast, but less
                  | powerful. [a shining eye]
 32205 | Vaults:1 | Gained mutation: You are dopey. (Int -2) [a shining eye]
 32295 | Vaults:1 | Noticed Donald
 32309 | Vaults:1 | Killed Donald
 32546 | Vaults:1 | Received a gift from Nemelex Xobeh
 32630 | Vaults:1 | Found Ulleudai's Book Boutique.
 33443 | Vaults:2 | Reached XP level 20. HP: 123/153 MP: 29/29
 33589 | Vaults:2 | Identified the +2 chain mail of Sirchu {rF+}
 33858 | Vaults:2 | Noticed Nikola
 33897 | Vaults:2 | Killed Nikola
 33957 | Vaults:2 | Received a gift from Nemelex Xobeh
 34283 | Vaults:2 | Received a gift from Nemelex Xobeh
 34629 | Vaults:3 | Noticed Sojobo
 34657 | Vaults:3 | Paralysed by an air elemental for 1 turns
 34678 | Vaults:3 | Noticed Sojobo
 34678 | Vaults:3 | Sojobo changed into Sojobo the golden dragon
 34684 | Vaults:3 | Paralysed by an air elemental for 1 turns
 34696 | Vaults:3 | Noticed Sojobo
 34696 | Vaults:3 | Sojobo the golden dragon changed into Sojobo the
                  | quicksilver ooze
 34696 | Vaults:3 | Noticed an iron giant
 34696 | Vaults:3 | an ironbound thunderhulk changed into an iron giant
 34705 | Vaults:2 | Killed Sojobo the quicksilver ooze
 34711 | Vaults:2 | Killed an iron giant
 34815 | Vaults:3 | Reached skill level 15 in Shields
 34954 | Vaults:3 | Received a gift from Nemelex Xobeh
 34960 | Vaults:3 | Noticed lis82's ghost (adept DgHW)
 34970 | Vaults:3 | Found a transporter.
 34978 | Vaults:3 | Found a transporter.
 34990 | Vaults:3 | Noticed Margery
 34998 | Abyss:3  | Cast into level 3 of the Abyss (hell knight)
 35022 | Abyss:3  | Noticed a pearl dragon
 35032 | Abyss:3  | Killed a pearl dragon
 35066 | Abyss:3  | Found a corrupted altar of Lugonu.
 35218 | Vaults:3 | Escaped the Abyss
 35259 | Vaults:3 | Killed Margery
 35435 | Vaults:3 | Reached XP level 21. HP: 159/159 MP: 30/30
 35575 | Vaults:3 | Found Muikk's Armour Shop.
 35575 | Vaults:3 | Received a gift from Nemelex Xobeh
 35583 | Vaults:3 | Bought the +1 cloak "Kairr" {rElec} for 258 gold pieces
 35670 | Vaults:3 | Found Katta's Armour Shoppe.
 35678 | Vaults:3 | Received a gift from Nemelex Xobeh
 36310 | Vaults:3 | Reached skill level 10 in Stealth
 36401 | Vaults:3 | Found a staircase to the Crypt.
 36717 | Vaults:4 | Received a gift from Nemelex Xobeh
 36981 | Vaults:4 | Noticed Boris
 37003 | Vaults:4 | Killed Boris
 37004 | Vaults:4 | Reached skill level 10 in Evocations
 37315 | Vaults:4 | Received a gift from Nemelex Xobeh
 38019 | Vaults:5 | Entered Level 5 of the Vaults
 38244 | Vaults:5 | Reached XP level 22. HP: 172/172 MP: 32/32
 38268 | Vaults:5 | Identified the +1 plate armour of Wu Jian's Anger {Rampage
                  | *Slow rPois Will++}
 38272 | Vaults:5 | Got a silver rune of Zot
 38296 | Vaults:5 | Got Duoseiqu's Meditations on Harmful Transfiguration
 38392 | Vaults:5 | Reached skill level 15 in Fighting
 38411 | Vaults:5 | Noticed a dread lich
 38515 | Vaults:5 | Noticed a golden dragon
 39035 | Depths:1 | Entered Level 1 of the Depths
 39091 | Depths:1 | Received a gift from Nemelex Xobeh
 39122 | Depths:1 | Found a one-way gate leading to the halls of Pandemonium.
 39379 | Depths:1 | Found a gateway to Hell.
 39449 | Depths:1 | Found a sparkling altar of Nemelex Xobeh.
 39449 | Depths:1 | Noticed Boris
 39601 | Depths:1 | Killed Boris
 39791 | Depths:1 | Found a basalt altar of Yredelemnul.
 40657 | Depths:2 | Received a gift from Nemelex Xobeh
 40988 | Depths:2 | Received a gift from Nemelex Xobeh
 40993 | Depths:2 | Found Aredem's Assorted Antiques.
 40999 | Depths:2 | Bought a scroll of blinking for 210 gold pieces
 40999 | Depths:2 | Bought a scroll of teleportation for 84 gold pieces
 40999 | Depths:2 | Bought a scroll of summoning for 266 gold pieces
 41038 | Depths:2 | Reached XP level 23. HP: 194/194 MP: 33/33
 41209 | Depths:2 | Noticed Boris
 41250 | Depths:2 | Killed Boris
 41361 | Depths:2 | Received a gift from Nemelex Xobeh
 41476 | Depths:2 | Found a runed translucent gate.
 41477 | Depths:2 | Found a runed translucent gate.
 41478 | Depths:2 | Found a runed translucent gate.
 41481 | Depths:2 | Noticed dvd2's ghost (veteran KoEn)
 41481 | Depths:2 | Noticed duchin's ghost (veteran MfIE)
 41850 | Depths:1 | Gained mutation: Armour fits poorly on your strangely
                  | shaped body. [mutagenic glow]
 41859 | Depths:1 | Killed dvd2's ghost
 41939 | Depths:2 | Killed duchin's ghost
 41966 | Depths:2 | Identified the +5 ring mail "Zautigot" {+Blink rF+++ Will-
                  | MP+9}
 42071 | Depths:3 | Found a corrupted altar of Lugonu.
 42117 | Depths:3 | Noticed Boris
 42141 | Depths:3 | Killed Boris
 42509 | Depths:3 | Received a gift from Nemelex Xobeh
 42891 | Depths:4 | Entered Level 4 of the Depths
 42938 | Depths:4 | Noticed a juggernaut
 42951 | Depths:4 | Identified the +0 trident of Ilamo {flame, Int+2 Dex+2}
 42975 | Depths:3 | Killed a juggernaut
 42987 | Depths:4 | Gained mutation: Your magical capacity is low. (-10% MP) [a
                  | cacodemon]
 43001 | Depths:3 | Gained mutation: You are very dopey. (Int -4) [a cacodemon]
 43168 | Depths:4 | Received a gift from Nemelex Xobeh
 43197 | Depths:4 | Found a one-way gateway to a ziggurat.
 43215 | Zig:1    | Entered Level 1 of a ziggurat
 43215 | Zig:1    | Noticed Feniupp the pandemonium lord
 43224 | Zig:1    | Killed from afar by Feniupp the pandemonium lord

Illustrated notes

Levels and vault maps discovered:
D:1:      dpeg_arrival_water_altar, layout_basic
D:2:      layout_basic, serial_shops, nicolae_square_shop, shop, shop, shop
D:3:      minmay_bubble_buster, layout_loops_cross, lemuel_round_altar,
          hellmonk_ecumenical_altar_watching_god, uniq_robin
D:4:      layout_rooms, enter_ossuary_4, serial_shops, nicolae_shop_statue_plus,
          serial_bayou, serial_bayou_lake_a, serial_bayou_ford_a,
          serial_bayou_pond_b, serial_bayou_shore_b, minmay_crystal_room,
          uniq_pikel
D:5:      layout_rooms, minmay_door_square, grunt_ministairs_4
D:6:      layout_basic, mainiacjoe_overflow_catwalk_spiral, uniq_menkaure,
          uniq_prince_ribbit1
D:7:      layout_basic, grunt_temple_overflow_open,
          minmay_temple_entry_crystal_x, minmay_quadrilaterals
D:8:      layout_loops_ring
D:9:      layout_loops_ring, marbit_many_paths, grunt_lair_entry_orc_guard_hut
D:10:     layout_basic, minitemple, nicolae_gozag_conspicuous_consumption,
          vehumet_statue, nicolae_trove_entry_path_of_doom
D:11:     layout_rooms
D:12:     layout_basic, nicolae_shop_i_like_big_books
D:13:     layout_rooms, xom_confusion_cloud
D:14:     layout_grid_maze, david_vaults_1, eino_curves_02, serial_shops,
          kennysheep_little_box, zin_purify
D:15:     hangedman_depths_entry_try_elsewhere_first, layout_stronghold
Temple:   nicolae_temple_ecumenical_triangle
Lair:1:   layout_cave_pods, gammafunk_ghost_icy, minmay_shattered_shrine
Lair:2:   lemuel_reptile_caves, layout_misc_corridors, beast_lair_carwin_5,
          grunt_megastairs_5, serial_bayou_shore_b, lemuel_fruit_tree,
          lemuel_fruit_fields
Lair:3:   layout_cave_pods, shoals_dummy_entry, dummy_snake_entry
Lair:4:   layout_concentric_octagons
Lair:5:   hellmonk_lair_end_abyssal_woods, layout_cave_pods,
          minmay_slime_entry_oklob_enclosed, minivault_23,
          infiniplex_staircase_pool_2, serial_bayou_shore_b, grunt_megastairs_4
Shoals:1: gammafunk_sealed_arena, layout_shoals
Shoals:2: layout_shoals, nicolae_shoals_nymph_descending_staircase
Shoals:3: layout_shoals, serial_shops, nicolae_shop_behind_doors,
          gammafunk_ghost_arena, uniq_louise
Shoals:4: shoals_end_simple, layout_shoals, nicolae_shoals_dead_sea_scrolls,
          uniq_polyphemus
Snake:1:  layout_chambers, portal_ice_cave_entry_ugly_swarm,
          fake_guardian_serpent_vault
Snake:2:  layout_honeycomb, basic_altar, minmay_shop_star
Snake:3:  nicolae_snake_attic_fulla_snakes, layout_gridlike, grunt_megastairs_3,
          minmay_shoptagon
Snake:4:  grunt_snake_rune_spirals, layout_onion_interference, uniq_aizul,
          uniq_asterion
Orc:1:    nicolae_orc_accident_2, layout_caves, basic_altar
Orc:2:    grunt_orc_cross, layout_caves, uniq_josephine, uniq_saint_roka,
          uniq_maurice, uniq_erolcha
Vaults:1: v_misc_1, v_misc_18, grunt_vaults_twisty, v_alt_pattern_5, st_eye,
          vaults_dpeg_doors, ontoclasm_vaults_pinch, hangedman_vaults_trim,
          nicolae_vaults_little_squares_5, nicolae_vaults_border_crossing,
          nicolae_vaults_rhombus_6, vaults_room_grid, layout_vaults_ring,
          serial_shops, nicolae_shop_hallway_plus, uniq_donald
Vaults:2: hangedman_vaults_restitches, vaults_room_hallway,
          ontoclasm_vaults_eye, vaults_mumra_minichess_inversion,
          nicolae_vaults_network_quinsquares
          [nicolae_vaults_network_quincunx_subvault,
          nicolae_vaults_network_quincunx_subvault,
          nicolae_vaults_network_quincunx_subvault,
          nicolae_vaults_network_quincunx_subvault],
          ontoclasm_vaults_misaligned, layout_vaults_omnigrid, uniq_nikola
Vaults:3: gammafunk_ghost_arena, v_pattern_5, v_alt_pattern_3,
          vaults_room_pools, minmay_crypt_entry_skeletal_spiral,
          vaults_mumra_lcd, vaults_mumra_hex, v_alt_pattern_4, serial_ice_b,
          nicolae_vaults_little_squares_6, dpeg_vaults_monster_box,
          hangedman_vaults_trim, layout_vaults_omnicross, serial_shops, shop,
          nicolae_shop_temple_entry_statues_fountains, serial_glass,
          uniq_margery, uniq_sojobo
Vaults:4: lightli_enter_wizlab_magi_temple, hangedman_vaults_impose, v_rooms_3,
          grunt_vaults_hallway_short, vaults_room_grunt_arrival_checkpoint,
          nicolae_vaults_angled_halls, vaults_dpeg_hooks, ontoclasm_vaults_chip,
          vaults_room_hallway, nicolae_vaults_specimen_jars,
          layout_vaults_chaotic_city, uniq_boris
Vaults:5
Depths:1: layout_roguey, serial_rivers, chequers_serial_rivers_micro_c,
          chequers_serial_rivers_micro_e, chequers_serial_rivers_large_b,
          chequers_serial_rivers_micro_a, chequers_serial_rivers_marsh,
          nemelex_lonely_heart_becter, abyss_entry, rand_demon_pan_entry_3,
          hell_entry, hangedman_abyss_or_decor_stagger,
          nicolae_yredelemnul_corpse_copse, serial_bayou_shore_b
Depths:2: grunt_twist_and_shout, layout_honeycomb, hangedman_coc_ice_floe,
          serial_shops, nicolae_diamond_shop, nicolae_kite_square_tiling_tiny,
          pan_entry, gammafunk_ghost_cemetery, firewood_loft,
          serial_bayou_shore_a
Depths:3: minmay_isolated_rectangles_in_corner, layout_honeycomb,
          abyss_entry_flame_altar, grunt_metal_band,
          chequers_serial_rivers_small_a, st_stairs_8
Depths:4: evilmike_zot_entry_gauntlet, layout_gridville, enter_ziggurat_d,
          pf_dread_powers_of_hell, grunt_pan_entry_spiral, ashenzari_altar_1
Zig:1

Skill      XL: |  1  2  3  4  5  6  7  8  9 10 11 12 13 14 15 16 17 18 19 20 21 22 23 |
---------------+----------------------------------------------------------------------+-----
Stealth        | 1 2 3 4 6 8 9 10 | 10.0
Fighting       | 3 4 5 6 8 10 12 14 19 20 | 20.0
Polearms       | 5 8 10 11 13 15 16 17 18 19 20 | 20.0
Dodging        | 5 7 9 10 13 15 16 18 19 20 23 24 | 24.0
Evocations     | 1 3 4 5 7 8 9 10 | 10.0
Throwing       | 3 4 5 7 8 12 16 17 | 17.0
Armour         | 2 3 5 8 9 |  9.8
Invocations    | 1 4 6 8 10 12 14 | 14.0
Shields        | 4 7 10 12 15 | 15.0

Action                   |  1- 3 |  4- 6 |  7- 9 | 10-12 | 13-15 | 16-18 | 19-21 | 22-24 || total
-------------------------+-------+-------+-------+-------+-------+-------+-------+-------++-------
Melee: Trident           |    88 |   243 |   421 |   731 |    45 |       |       |       ||  1528
       Punch             |       |     4 |     6 |     6 |     1 |       |       |       ||    17
       Tailslap          |       |       |     1 |     2 |    10 |       |       |       ||    13
       Glaive            |       |       |       |    56 |   978 |       |       |       ||  1034
       Headbutt          |       |       |       |       |   201 |   409 |   713 |   497 ||  1820
       Demon trident     |       |       |       |       |    74 |  1854 |  2102 |  1400 ||  5430
Throw: Throwing net      |     1 |     2 |       |     1 |       |       |       |       ||     4
       Javelin           |       |     5 |     3 |     2 |     3 |       |       |       ||    13
Invok: Draw Summoning    |       |       |       |     4 |    11 |    20 |    12 |     9 ||    56
       Draw Destruction  |       |       |       |     3 |    26 |    23 |    37 |    16 ||   105
       Draw Escape       |       |       |       |       |     3 |       |     2 |     2 ||     7
Evoke: Wand              |       |       |       |     4 |     2 |     1 |     2 |     4 ||    13
       Piece from Xom's  |       |       |       |       |     2 |     1 |       |     1 ||     4
       Box of beasts     |       |       |       |       |     1 |     1 |       |     2 ||     4
       Lightning rod     |       |       |       |       |     1 |       |       |       ||     1
       Phantom mirror    |       |       |       |       |       |       |       |     1 ||     1
  Use: Scroll            |     7 |     2 |     2 |     8 |    11 |     7 |    11 |     6 ||    54
       Potion            |     7 |     4 |     5 |     6 |    11 |    10 |     7 |     7 ||    57
 Stab: Sleeping          |     3 |     9 |     7 |    13 |    22 |    28 |    12 |     9 ||   103
       Held in net/web   |       |     2 |       |     1 |       |       |       |       ||     3
       Distracted        |       |       |     1 |     5 |     8 |    12 |    11 |    14 ||    51
       Petrified         |       |       |       |     8 |     5 |     3 |     2 |       ||    18
       Confused          |       |       |       |       |     2 |       |       |       ||     2
       Invisible         |       |       |       |       |       |     3 |     8 |       ||    11
Armor: Leather armour    |    23 |     1 |       |       |       |       |       |       ||    24
       Animal skin       |       |    52 |    59 |     4 |       |       |       |       ||   115
       Skin              |       |     5 |     3 |       |       |       |       |       ||     8
       Troll leather arm |       |       |       |    60 |   136 |   129 |   184 |    53 ||   562
       Acid dragon scale |       |       |       |     9 |       |       |       |       ||     9
       Ice dragon scales |       |       |       |       |       |       |       |    60 ||    60
       Ring mail         |       |       |       |       |       |       |       |    39 ||    39
Dodge: Dodged            |    47 |   122 |   238 |   496 |   960 |   981 |  1235 |   833 ||  4912
Block: Kite shield       |       |       |       |       |    37 |   930 |  1235 |   916 ||  3118
       Reflection        |       |       |       |       |       |       |    53 |    21 ||    74
